 Dungeon Sprint DCSS version 0.21-a0-508-gf08a75f (webtiles) character file.

59618 InappropriateContent the Peltast (level 14, -8/104 HPs)
             Began as a Gargoyle Fighter on Nov 28, 2017.
             Was the Champion of Nemelex Xobeh.
             Shot with an arrow by a deep elf master archer (12 damage)
             ... in the Dungeon (Sprint V: "Ziggurat Sprint").
             The game lasted 01:14:33 (3385 turns).

InappropriateContent the Peltast (Gargoyle Fighter) Turns: 3385, Time: 01:14:34

Health: -8/104     AC: 43    Str: 43      XL:     14   Next: 95%
Magic:  0/17       EV:  3    Int: 16 (17) God:    Nemelex Xobeh [******]
Gold:   0          SH: 36    Dex:  8 (10) Spells: 13/13 levels left

rFire    + . .     SeeInvis .   R - +2 mace "Lexinga" {speed, rElec Str+5 Int+4}
rCold    + . .     Gourm    .   O - +18 shield of the Gong {rElec rN+ MR+ EV-5}
rNeg     + + .     Faith    .   m - +5 gold dragon scales
rPois    ∞         Spirit   +   a - +2 helmet {Int+3}
rElec    +         Reflect  .   Q - +0 cloak {MR+}
rCorr    .         Harm     .   u - +2 pair of gloves {Dex+3}
MR       +++..     NoTele   +   (no boots)
Stlth    ..........             X - amulet of guardian spirit
HPRegen  0.27/turn              K - +6 ring of strength
MPRegen  0.15/turn              J - +6 ring of strength

@: flying, studying Throwing
A: big wings, talons 1, clever 1, clumsy 1, deterioration 1, negative energy
resistance 1, electricity resistance, unbreathing, petrification resistance, rot
immunity, AC +10
a: Stop Flying, Triple Draw, Deal Four, Stack Five, Renounce Religion


You were in the Dungeon.
You worshipped Nemelex Xobeh.
Nemelex Xobeh was exalted by your worship.
You were not hungry.

You visited 1 branch

Inventory:

Hand Weapons
 o - the +7 great mace "Firestarter" {inner flame, rF++}
   (You found it in the Dungeon)

   It has been specially enchanted to burn those struck by it, causing extra
   injury to most foes and up to half again as much damage against particularly
   susceptible opponents.
   It greatly protects you from fire.
 N - the +10 dark maul {crush}
   (You found it in the Dungeon)

   It inflicts extra damage upon your enemies.
 R - the +2 mace "Lexinga" (weapon) {speed, rElec Str+5 Int+4}
   (You found it in the Dungeon)

   Attacks with this weapon are significantly faster.
   It affects your strength (+5).
   It affects your intelligence (+4).
   It insulates you from electricity.
Armour
 a - a +2 helmet of intelligence (worn)
 m - +5 gold dragon scales (worn)
 u - a +2 pair of gloves of dexterity (worn)
 O - the +18 shield of the Gong (worn) {rElec rN+ MR+ EV-5}
   (You found it in the Dungeon)

   It affects your evasion (-5).
   It insulates you from electricity.
   It protects you from negative energy.
   It affects your resistance to hostile enchantments.
 Q - a +0 cloak of magic resistance (worn)
Jewellery
 J - a +6 ring of strength (right hand)
 K - a +6 ring of strength (left hand)
 U - an uncursed ring of wizardry
 X - an amulet of guardian spirit (around neck)
Wands
 y - a wand of disintegration (2)
 B - a wand of random effects (45)
 D - a wand of iceblast (4)
 E - a wand of acid (11)
Scrolls
 j - 4 scrolls of blinking
 s - 7 scrolls of fog
 v - 4 scrolls of remove curse
 w - a scroll of fear
 Z - a scroll of brand weapon
Potions
 c - 4 potions of might
 e - 10 potions of curing
 f - 6 potions of heal wounds
 g - 6 potions of haste
 h - 7 potions of magic
 r - a potion of cancellation {unknown}
 x - 2 potions of brilliance
 z - 2 potions of invisibility
 A - 3 potions of resistance
 C - 6 potions of agility
Books
 T - a manual of Throwing
Miscellaneous
 d - a legendary deck of escape
 i - a fan of gales
 k - a legendary deck of escape
 n - a lamp of fire
 G - an ornate deck of escape {drawn: 2}
 H - a legendary deck of destruction {drawn: 6}
 I - a lightning rod (4/4)
 L - an ornate deck of destruction {drawn: 3}
 M - a plain deck of destruction {drawn: 4}
 P - an ornate deck of destruction
 S - a plain deck of escape
 V - a legendary deck of escape
 W - a legendary deck of destruction {drawn: 1}
 Y - a phial of floods (inert)
Comestibles
 l - 5 royal jellies
 p - 39 fruits
 q - 4 meat rations
 F - 5 bread rations


   Skills:
 * Level 18.8 Fighting
   Level 14.9(17.2) Axes
 * Level 16.0(18.5) Maces & Flails
 - Level 1.4 Throwing
 + Level 13.6 Armour
 - Level 1.2 Dodging
 - Level 2.1 Stealth
 + Level 20.8 Shields
 - Level 2.8 Unarmed Combat
 - Level 4.2 Invocations
 - Level 1.8 Evocations


You had 13 spell levels left.
You didn't know any spells.

Dungeon Overview and Level Annotations

Branches:
Dungeon (1/1)

Altars:
Ashenzari
Cheibriados
Dithmenos
Elyvilon
Fedhas
Gozag
Hepliaklqana
Kikubaaqudgha
Makhleb
Nemelex Xobeh
Okawaru
Qazlal
Ru
Sif Muna
Trog
Uskayaw
Vehumet
Wu Jian
Xom
Yredelemnul
Zin
The Shining One
Beogh
Jiyva
Lugonu


Innate Abilities, Weirdness & Mutations

You are resistant to torment.
Your stone body is resilient. (AC +10)
You are immune to poison.
Your large and strong wings let you fly indefinitely.
You resist negative energy. (rN+)
You are resistant to electric shocks. (rElec)
You can survive without breathing.
You are immune to petrification.
You are immune to rotting.
You have sharp toenails.
Your mind is acute. (Int +2)
You are clumsy. (Dex -2)
Your body sometimes deteriorates upon taking damage.


Message History

The terrible wounds on the deep elf master archer's body vanish.
You block the air elemental's attack.
GONNNNG!
Your air elemental hits the scimitar of protection.
You block the air elemental's attack.
PANG!
The deep elf master archer shoots an arrow.
The arrow hits you!
* * * LOW HITPOINT WARNING * * *
The deep elf master archer shoots an arrow.
GONNNNG!
You block the arrow.
Your air elemental closely misses the scimitar of protection.
The scimitar of protection hits your air elemental!!
You block the air elemental's attack.
BOUMMMMG!
The deep elf master archer shoots an arrow.
The arrow hits you!
You die...
Your body glows slightly and disappears.

▓.............▓..▓....†▓
▓......|......▓......)..
▓.e..)(.......▓.....©.).
▓..eYeeE.e....▓▓▓▓▓▓▓▓▓▓
e§▓§§§e§§§▓..▓...8©8...
▓.▓§▓§e§§§▓e▓ ▓.=)):.}..
▓.§▓§(§§§§§▓..▓...)=)|..
▓.§§§EE§§§§e..▓.....)...
▓.§§§(§@§.§W..▓..)..)...
▓▓▓▓▓▓▓▓▓▓▓▓▓▓▓..).((...
▓...÷..÷.. ▓..▓...▓..
▓.▓.[...▓. ▓....©....
▓▓▓▓▓▓▓▓▓▓


You could see 3 deep elf master archers, 3 deep elf annihilators, a flayed
ghost, 2 deep elf high priests, an earth elemental, 2 deep elf magi, an air
elemental, an ice beast, 2 dancing weapons and a friendly air elemental.

Vanquished Creatures
  A deep elf blademaster (D)
  Rupert (D)
  Agnes (D)
  Kirke (D)
  A dire elephant (D)
  Josephine (D)
  2 vault guards (D)
  A hydra (D)
  An ice dragon (D)
  Erica (D)
  2 dancing weapons (D)
  A hell hog (D)
  A deep elf knight (D)
  A fire crab (D)
  A deep troll (D)
  A wizard (D)
  An orc knight (D)
  A deep elf archer (D)
  A lindwurm (D)
  An ugly thing (D)
  2 shining eyes (D)
  A mana viper (D)
  2 wolf spiders (D)
  3 draconians (D)
  An elephant (D)
  2 moths of wrath (D)
  A torpor snail (D)
  A rime drake (D)
  A merfolk (D)
  A wandering mushroom (D)
  A jumping spider (shapeshifter) (D)
  A hippogriff (D)
  A redback (D)
  A wyvern (D)
  2 yaks (D)
  A basilisk (D)
  3 neqoxecs (D)
  A golden eye (D)
  A naga (D)
  A warg (D)
  An acid dragon (D)
  2 hell hounds (D)
  2 water moccasins (D)
  A black bear (D)
  An eye of draining (shapeshifter) (D)
  A sky beast (D)
  An orc warrior (D)
  An ice beast (D)
  A black bear (shapeshifter) (D)
  A boggart (D)
  A howler monkey (D)
  2 jellies (D)
  2 orc wizards (D)
  An iguana (D)
  A gnoll (D)
  2 adders (D)
  2 river rats (D)
  An adder skeleton (D)
  An orc (D)
  A ball python (D)
  A hobgoblin (D)
  A quokka (D)
  A leopard gecko skeleton (D)
  A butterfly (D)
80 creatures vanquished.

Vanquished Creatures (collateral kills)
  Frances (D)
  A deep elf master archer (D)
  A sphinx (D)
  2 deep elf sorcerers (D)
  2 fire giants (D)
  A black draconian (D)
  A yellow draconian (D)
  3 fire dragons (D)
  2 vault guards (D)
  3 dancing weapons (D)
  A hell hog (D)
  A deep elf knight (D)
  An unseen horror (D)
  An ugly thing (D)
  A wolf spider (D)
  An oklob plant (D)
  2 draconians (D)
  2 deep elf magi (D)
  Joseph (D)
  A yaktaur (D)
  A troll (D)
  A fire elemental (D)
  A steam dragon (D)
  A warg (D)
  Duvessa (D)
  Purgy (D)
  An ice beast (D)
  A swamp drake (D)
  2 eyes of draining (D)
  An earth elemental (D)
  Dowan (D)
  A killer bee (D)
  A crimson imp (D)
  Crazy Yiuf (D)
  A jelly (D)
  Jessica (D)
  An iguana (D)
  A worker ant (D)
  2 river rats (D)
  An ufetubus (D)
  An ooze (D)
  A bat skeleton (D)
  A jackal (D)
  A leopard gecko skeleton (D)
  A butterfly (D)
  2 fire vortices (D)
58 creatures vanquished.

Vanquished Creatures (others)
  An ironheart preserver (D)
  A fire dragon (D)
  A dancing weapon (D)
  2 mana vipers (D)
  A meliai (D)
  A dream sheep (D)
  A soldier ant (D)
  A swamp drake (D)
  An orc warrior (D)
  2 orc priests (D)
  2 ball lightnings (D)
  An orc (D)
  A fire vortex (D)
16 creatures vanquished.

Grand Total: 154 creatures vanquished

Notes
Turn   | Place    | Note
-------+----------+-------------------------------------------
     0 | D        | Found the +6 Majin-Bo {vamp, Archmagi MP+6 Int+6}
     0 | D        | Found the +7 great mace "Firestarter" {inner flame, rF++}
     0 | D        | InappropriateContent the Gargoyle Fighter began the quest for the Orb.
     0 | D        | Reached XP level 1. HP: 14/14 MP: 1/1
    36 | D        | Found a blossoming altar of Fedhas.
    48 | D        | Found a viscous altar of Jiyva.
    48 | D        | Found a hazy altar of Hepliaklqana.
    48 | D        | Found a transporter.
    48 | D        | Found an opulent altar of Gozag.
    48 | D        | Found an ancient bone altar of Kikubaaqudgha.
    48 | D        | Found a corrupted altar of Lugonu.
    58 | D        | Found a burning altar of Makhleb.
    59 | D        | Found a sacrificial altar of Ru.
    59 | D        | Found a stormy altar of Qazlal.
    59 | D        | Found a deep blue altar of Sif Muna.
    59 | D        | Found an iron altar of Okawaru.
    59 | D        | Found a bloodstained altar of Trog.
    59 | D        | Found a sparkling altar of Nemelex Xobeh.
    80 | D        | Found the +9 heavy crossbow "Sniper" {velocity, Acc+∞ SInv}
    80 | D        | Found the +10 dark maul {crush}
    80 | D        | Found the +15 Maxwell's patent armour {-Cast -Tele rElec MR+ rCorr}
    80 | D        | Found the +18 shield of the Gong {rElec rN+ MR+ EV-5}
    80 | D        | Found the cursed +14 obsidian axe {chop, +Fly SInv *Curse}
    94 | D        | Found the +6 shillelagh "Devastator" {shatter}
    94 | D        | Found the +11 plutonium sword {*Contam Stlth-}
    94 | D        | Found the +8 lance "Wyrmbane" {slay drac, rPois rF+ rC+ AC+3}
    94 | D        | Found the +9 sword of Zonguldrok {reap}
    94 | D        | Found the cursed +13 scythe of Curses {drain, *Curse}
    94 | D        | Found the +0 sword of Power
    94 | D        | Found the +1 mace of Variability {chaos}
    94 | D        | Found the +7 Singing Sword
    94 | D        | Found the +7 longbow "Piercer" {penet, EV-2}
   200 | D        | Became a worshipper of Nemelex Xobeh the Trickster
   209 | D        | Entered arena 2.
   209 | D        | Noticed a hell hound
   209 | D        | Received a gift from Nemelex Xobeh
   209 | D        | Found a transporter.
   218 | D        | Killed a hell hound
   218 | D        | Reached skill level 5 in Armour
   218 | D        | Reached skill level 6 in Shields
   218 | D        | Reached XP level 2. HP: 10/22 MP: 2/2
   218 | D        | Reached XP level 3. HP: 12/27 MP: 3/3
   218 | D        | Reached XP level 4. HP: 14/32 MP: 4/4
   436 | D        | Entered arena 3.
   436 | D        | Noticed a yak
   436 | D        | Found a transporter.
   436 | D        | Reached * piety under Nemelex Xobeh
   445 | D        | Reached XP level 5. HP: 37/37 MP: 5/5
   452 | D        | Killed a yak
   452 | D        | Reached skill level 7 in Shields
   452 | D        | Reached XP level 6. HP: 44/44 MP: 6/6
   464 | D        | Entered arena 4.
   464 | D        | Noticed a water moccasin
   464 | D        | Received a gift from Nemelex Xobeh
   464 | D        | Found a transporter.
   469 | D        | Killed a water moccasin
   469 | D        | Reached skill level 5 in Axes
   469 | D        | Reached skill level 8 in Shields
   534 | D        | Entered arena 5.
   534 | D        | Noticed a yak
   534 | D        | Found a transporter.
   534 | D        | Received a gift from Nemelex Xobeh
   540 | D        | Killed a yak
   540 | D        | Reached XP level 7. HP: 47/52 MP: 7/7
   540 | D        | Reached skill level 1 in Invocations
   541 | D        | Reached skill level 10 in Fighting
   560 | D        | Entered arena 6.
   560 | D        | Reached ** piety under Nemelex Xobeh
   560 | D        | Found a transporter.
   567 | D        | Reached skill level 9 in Shields
   623 | D        | Entered arena 7.
   623 | D        | Noticed a neqoxec
   623 | D        | Noticed a cyan ugly thing
   623 | D        | Noticed a shining eye
   623 | D        | Noticed a neqoxec
   623 | D        | Noticed an orb spider
   623 | D        | Noticed a neqoxec
   623 | D        | Received a gift from Nemelex Xobeh
   627 | D        | Gained mutation: You have sharp toenails. [a neqoxec]
   631 | D        | Killed a neqoxec
   635 | D        | Gained mutation: Your mind is acute. (Int +2) [a shining eye]
   636 | D        | Killed a shining eye
   636 | D        | Reached skill level 1 in Stealth
   636 | D        | Reached XP level 8. HP: 59/59 MP: 6/9
   638 | D        | Reached skill level 10 in Axes
   638 | D        | Reached skill level 1 in Evocations
   639 | D        | Killed a cyan ugly thing
   639 | D        | Reached skill level 10 in Shields
   642 | D        | Reached XP level 9. HP: 64/64 MP: 6/10
   643 | D        | Found a transporter.
   646 | D        | an orb spider changed into an eye of draining
   707 | D        | Entered arena 8.
   707 | D        | Reached *** piety under Nemelex Xobeh
   712 | D        | Found a transporter.
   740 | D        | Got the +7 hunting sling of Watchfulness {velocity, MR+ Str+6 SInv Stlth-}
   749 | D        | Got the +4 plate armour of Sygenaav {Int+3 Dex+5}
   772 | D        | Entered arena 9.
   772 | D        | Noticed a yellow draconian
   772 | D        | Noticed a black draconian
   772 | D        | Noticed a draconian
   772 | D        | Noticed a draconian
   772 | D        | Noticed a draconian
   772 | D        | Noticed a draconian
   772 | D        | Noticed a draconian
   772 | D        | Received a gift from Nemelex Xobeh
   772 | D        | Reached **** piety under Nemelex Xobeh
   772 | D        | Received a gift from Nemelex Xobeh
   776 | D        | Found a transporter.
   780 | D        | Killed a draconian
   783 | D        | Killed a yellow draconian
   783 | D        | Reached skill level 11 in Shields
   789 | D        | Killed a draconian
   789 | D        | Reached XP level 10. HP: 40/71 MP: 6/12
   796 | D        | Killed a black draconian
   798 | D        | Killed a draconian
   801 | D        | Killed a draconian
   806 | D        | Killed a draconian
   956 | D        | Got the cursed +2 mace "Lexinga" {speed, rElec Str+5 Int+4}
   962 | D        | Entered arena 10.
   962 | D        | Received a gift from Nemelex Xobeh
   962 | D        | Reached ***** piety under Nemelex Xobeh
   967 | D        | Reached skill level 1 in Maces & Flails
   969 | D        | Found a transporter.
   969 | D        | Received a gift from Nemelex Xobeh
  1001 | D        | Entered arena 11.
  1001 | D        | Noticed an orc knight
  1001 | D        | Noticed a cyan ugly thing
  1001 | D        | Noticed a vault guard
  1001 | D        | Noticed an ironheart preserver
  1001 | D        | Noticed a vault guard
  1001 | D        | Noticed a vault guard
  1001 | D        | Noticed a deep elf archer
  1001 | D        | Noticed a wizard
  1001 | D        | Noticed a vault guard
  1001 | D        | Received a gift from Nemelex Xobeh
  1001 | D        | Received a gift from Nemelex Xobeh
  1006 | D        | Killed a wizard
  1006 | D        | Reached skill level 12 in Shields
  1006 | D        | Killed an ironheart preserver
  1006 | D        | Reached skill level 5 in Maces & Flails
  1006 | D        | Reached XP level 11. HP: 75/79 MP: 14/14
  1016 | D        | Killed a vault guard
  1019 | D        | Killed a vault guard
  1019 | D        | Reached skill level 13 in Shields
  1020 | D        | Found a transporter.
  1023 | D        | Killed a cyan ugly thing
  1029 | D        | Killed a vault guard
  1035 | D        | Killed a vault guard
  1044 | D        | Killed an orc knight
  1044 | D        | Reached skill level 15 in Fighting
  1049 | D        | Killed a deep elf archer
  1049 | D        | Reached skill level 14 in Shields
  1258 | D        | Entered arena 12.
  1258 | D        | Noticed a deep elf mage
  1258 | D        | Noticed a deep elf blademaster
  1258 | D        | Noticed a deep elf sorcerer
  1258 | D        | Noticed a deep elf knight
  1258 | D        | Received a gift from Nemelex Xobeh
  1259 | D        | Noticed a deep elf knight
  1259 | D        | Noticed a deep elf master archer
  1260 | D        | Noticed a deep elf sorcerer
  1260 | D        | Noticed a mace of draining
  1262 | D        | Noticed a dire flail of venom
  1268 | D        | Killed a deep elf knight
  1269 | D        | Killed a mace of draining
  1269 | D        | Killed a deep elf sorcerer
  1270 | D        | Killed a deep elf mage
  1270 | D        | Killed a deep elf sorcerer
  1270 | D        | Reached skill level 10 in Maces & Flails
  1270 | D        | Reached skill level 15 in Shields
  1270 | D        | Reached XP level 12. HP: 65/88 MP: 15/15
  1271 | D        | Found a transporter.
  1272 | D        | Killed a deep elf master archer
  1284 | D        | Killed a deep elf blademaster
  1288 | D        | Killed a deep elf knight
  1288 | D        | Reached skill level 16 in Shields
  1546 | D        | Entered arena 13.
  1546 | D        | Noticed a stone giant
  1546 | D        | Noticed a frost giant
  1546 | D        | Received a gift from Nemelex Xobeh
  1546 | D        | Reached ****** piety under Nemelex Xobeh
  1546 | D        | Received a gift from Nemelex Xobeh
  1548 | D        | Noticed a two-headed ogre
  1548 | D        | Noticed a dire elephant
  1548 | D        | a frost giant changed into a dire elephant
  1548 | D        | a two-headed ogre changed into a water nymph
  1552 | D        | Noticed a stone giant
  1553 | D        | Noticed a fire giant
  1556 | D        | Killed a dire elephant
  1556 | D        | Reached skill level 10 in Armour
  1557 | D        | Noticed a fire giant
  1557 | D        | a stone giant changed into a fire giant
  1557 | D        | Noticed an alligator snapping turtle
  1557 | D        | a stone giant changed into an alligator snapping turtle
  1559 | D        | a fire giant changed into a wolf spider
  1559 | D        | an alligator snapping turtle changed into a wolf spider
  1559 | D        | Noticed a sphinx
  1559 | D        | a fire giant changed into a sphinx
  1569 | D        | Killed a sphinx
  1789 | D        | Found a transporter.
  1792 | D        | Got the ring of Ephemeral Luck {rC- rN+++ MR- Dex+3 SInv}
  1816 | D        | Entered arena 14.
  1816 | D        | Received a gift from Nemelex Xobeh
  1819 | D        | Noticed a fire dragon
  1819 | D        | Noticed a fire giant
  1819 | D        | Noticed a fire dragon
  1819 | D        | Noticed a fire giant
  1820 | D        | Noticed a fire dragon
  1820 | D        | Noticed a fire dragon
  1822 | D        | Noticed a hell hog
  1823 | D        | Noticed a hell hog
  1829 | D        | Killed a fire dragon
  1829 | D        | Reached skill level 17 in Shields
  1833 | D        | Killed a hell hog
  1840 | D        | Killed a hell hog
  1843 | D        | Killed a fire giant
  1845 | D        | Killed a fire giant
  1845 | D        | Reached XP level 13. HP: 56/96 MP: 4/16
  1845 | D        | Killed a fire dragon
  1845 | D        | Killed a fire dragon
  1846 | D        | Killed a fire dragon
  1855 | D        | Found a transporter.
  1969 | D        | Entered arena 15.
  1969 | D        | Received a gift from Nemelex Xobeh
  1972 | D        | Noticed an entropy weaver
  1984 | D        | Noticed an ice dragon
  1984 | D        | an entropy weaver changed into an ice dragon
  1996 | D        | Reached skill level 18 in Shields
  2004 | D        | Killed an ice dragon
  2185 | D        | Found a transporter.
  2185 | D        | Received a gift from Nemelex Xobeh
  2311 | D        | Entered arena 16.
  2311 | D        | Received a gift from Nemelex Xobeh
  2314 | D        | Noticed Josephine
  2314 | D        | Noticed Dowan
  2314 | D        | Noticed Agnes
  2314 | D        | Noticed Frances
  2314 | D        | Noticed Erica
  2315 | D        | Noticed Purgy
  2315 | D        | Noticed Kirke
  2315 | D        | Noticed Jessica
  2315 | D        | Noticed Duvessa
  2315 | D        | Noticed Rupert
  2316 | D        | Noticed Joseph
  2317 | D        | Noticed Crazy Yiuf
  2323 | D        | Killed Duvessa
  2325 | D        | Killed Purgy
  2328 | D        | Killed Dowan
  2329 | D        | Killed Jessica
  2334 | D        | Killed Joseph
  2338 | D        | Killed Crazy Yiuf
  2344 | D        | Killed Kirke
  2345 | D        | Killed Erica
  2347 | D        | Killed Frances
  2349 | D        | Killed Josephine
  2354 | D        | Killed Agnes
  2354 | D        | Reached skill level 15 in Maces & Flails
  2354 | D        | Reached skill level 19 in Shields
  2364 | D        | Killed Rupert
  2577 | D        | Found a transporter.
  2577 | D        | Received a gift from Nemelex Xobeh
  2579 | D        | Reached skill level 1 in Throwing
  2579 | D        | Reached skill level 1 in Dodging
  2579 | D        | Gained mutation: Your large and strong wings let you fly indefinitely. [Gargoyle growth]
  2579 | D        | Reached XP level 14. HP: 104/104 MP: 17/17
  2712 | D        | Entered arena 17.
  2712 | D        | Received a gift from Nemelex Xobeh
  2721 | D        | Received a gift from Nemelex Xobeh
  2722 | D        | Noticed a thorn hunter
  2726 | D        | a thorn hunter changed into a shambling mangrove
  2726 | D        | Noticed a thorn hunter
  2726 | D        | a shambling mangrove changed into a thorn hunter
  2726 | D        | Noticed a storm dragon
  2726 | D        | a spriggan air mage changed into a storm dragon
  2728 | D        | a thorn hunter changed into an oklob plant
  2728 | D        | a storm dragon changed into a merfolk
  2941 | D        | Found a transporter.
  3070 | D        | Entered arena 18.
  3070 | D        | Received a gift from Nemelex Xobeh
  3076 | D        | Noticed a deep elf master archer
  3077 | D        | Noticed a stone giant
  3077 | D        | Noticed a fire giant
  3077 | D        | a stone giant changed into a fire giant
  3077 | D        | Noticed an emperor scorpion
  3077 | D        | a deep elf master archer changed into an emperor scorpion
  3080 | D        | Noticed a deep elf master archer
  3083 | D        | an emperor scorpion changed into a lindwurm
  3083 | D        | a fire giant changed into a four-headed hydra
  3083 | D        | a deep elf master archer changed into a catoblepas
  3092 | D        | Reached skill level 20 in Shields
  3096 | D        | Gained mutation: You are clumsy. (Dex -2) [a shining eye]
  3108 | D        | Gained mutation: Your body sometimes deteriorates upon taking damage. [a shining eye]
  3304 | D        | Found the +3 hat of Pondering {ponderous, MR+ MP+10 Int+5}
  3304 | D        | Received a gift from Nemelex Xobeh
  3305 | D        | Found a transporter.
  3354 | D        | Entered arena 19.
  3354 | D        | Received a gift from Nemelex Xobeh
  3354 | D        | Received a gift from Nemelex Xobeh
  3358 | D        | Received a gift from Nemelex Xobeh
  3358 | D        | Noticed a deep elf annihilator
  3358 | D        | Noticed a deep elf master archer
  3358 | D        | Noticed a deep elf master archer
  3358 | D        | Noticed a deep elf master archer
  3360 | D        | Noticed a deep elf annihilator
  3366 | D        | Noticed a deep elf annihilator
  3383 | D        | HP: 2/104 [deep elf master archer/arrow (13)]
  3385 | D        | Shot with an arrow by a deep elf master archer

Vault maps used:
D:        sprint_v

Skill      XL: |  1  2  3  4  5  6  7  8  9 10 11 12 13 14 |
---------------+-------------------------------------------+-----
Fighting       | 6 8 9 10 11 12 13 15 17 18 | 18.8
Axes           | 2 3 4 6 9 11 13 14 | 14.9
Armour         | 5 6 7 8 9 10 12 13 | 13.6
Shields        | 6 7 8 9 10 11 12 15 17 19 20 | 20.8
Invocations    | 2 3 4 |  4.2
Stealth        | 1 2 |  2.1
Evocations     | 1 |  1.8
Maces & Flails | 5 10 13 15 16 | 16.0
Throwing       | 1 |  1.4
Dodging        | 1 |  1.2
Unarmed Combat | |  2.8

Action                   |  1- 3 |  4- 6 |  7- 9 | 10-12 | 13-15 || total
-------------------------+-------+-------+-------+-------+-------++-------
Melee: Broad axe         |     8 |    16 |    35 |     6 |       ||    65
       Kick              |       |       |    16 |    31 |    63 ||   110
       Mace              |       |       |       |    66 |   124 ||   190
Invok: Triple Draw       |       |       |       |       |     5 ||     5
       Deal Four         |       |       |       |       |     1 ||     1
 Abil: Fly               |       |       |       |       |     1 ||     1
Evoke: Deck              |       |     3 |     7 |    44 |    36 ||    90
       Wand              |       |     1 |     1 |     4 |     2 ||     8
       Lightning rod     |       |       |     1 |     1 |       ||     2
       Fan of gales      |       |       |       |     2 |     1 ||     3
       Phantom mirror    |       |       |       |     1 |       ||     1
       Lamp of fire      |       |       |       |       |     1 ||     1
       Phial of floods   |       |       |       |       |     1 ||     1
  Use: Potion            |     1 |     3 |     1 |     5 |     5 ||    15
       Scroll            |       |     1 |       |     1 |     1 ||     3
 Stab: Distracted        |       |       |     1 |     1 |     2 ||     4
       Petrified         |       |       |       |       |     1 ||     1
  Eat: Chunk             |       |       |       |     3 |     1 ||     4
       Fruit             |       |       |       |       |     3 ||     3
       Royal jelly       |       |       |       |       |     1 ||     1
Armor: Gold dragon scale |     2 |     6 |     7 |    41 |   107 ||   163
Dodge: Dodged            |       |       |       |       |    17 ||    17
Block: Shield            |     9 |    23 |    30 |   104 |   273 ||   439

Table legend:
 A = Spawn XP
 B = Non-spawn XP
 C = Spawn XP percentage of total XP
 D = Spawn monster count
 E = Non-spawn monster count
 F = Spawn count percentage of total count
 G = Total turns spent on level
                    A         B        C        D         E        F      G
               +---------+---------+-------+---------+---------+-------+---------
         Total |       0 |   57302 |   0.0 |       0 |     146 |   0.0 |  3385
               +---------+---------+-------+---------+---------+-------+---------
             D |       0 |   57302 |   0.0 |       0 |     146 |   0.0 |  3385
               +---------+---------+-------+---------+---------+-------+---------
